 Dungeon Crawl Stone Soup version 0.21-a0 (webtiles) character file.

3169 Lexie the Destroyer (level 9, 0/61 HPs)
             Began as an Octopode Wizard on May 19, 2017.
             Was a Follower of Vehumet.
             Slain by a crocodile (11 damage)
             ... on level 7 of the Dungeon.
             The game lasted 00:21:06 (11072 turns).

Lexie the Destroyer (Octopode Wizard)              Turns: 11072, Time: 00:21:06

Health: 0/61       AC:  3    Str: 10    XL:     9   Next: 94%
Magic:  2/21       EV: 13    Int: 23    God:    Vehumet [*.....]
Gold:   287        SH:  0    Dex: 14    Spells: 11/24 levels left

rFire    + . .     SeeInvis .   r - +1 quick blade of Departure {holy, Dex+4}
rCold    . . .     Gourm    .   (no shield)
rNeg     . . .     Faith    .   a - +0 hat
rPois    .         Spirit   .   q - amulet of regeneration
rElec    .         Reflect  .   f - ring of fire
rCorr    .         Harm     .   s - ring of protection from cold
MR       .....                  j - +3 ring of strength
Stlth    +++.......             (no ring)
Regen    0.6/turn               (no ring)
MPRegen  0.2/turn               (no ring)
                                (no ring)
                                (no ring)

@: slowed, very slow
A: almost no armour, stealthy swim, amphibious, 8 rings, constrict 8, tentacle
spike 1, icy blue scales 1, camouflage 1, wild magic 1, gelatinous body 1
a: Renounce Religion


You were on level 7 of the Dungeon.
You worshipped Vehumet.
Vehumet was aware of your devotion.
You were hungry.

You visited 2 branches of the dungeon, and saw 9 of its levels.

You collected 287 gold pieces.

Inventory:

Hand Weapons
 e - a +2 dagger of venom
 r - the +1 quick blade of Departure (weapon) {holy, Dex+4}
   (You found it on level 2 of the Dungeon)

   It has been blessed by the Shining One to cause great damage to the undead
   and demons.
   It affects your dexterity (+4).
Missiles
 y - 4 curare-tipped needles
Armour
 a - a +0 hat (worn)
Jewellery
 f - a ring of fire (left tentacle)
 j - a +3 ring of strength (on tentacle)
 q - an amulet of regeneration (around mantle)
 s - a ring of protection from cold (right tentacle)
 E - a +3 amulet of reflection {unknown}
Wands
 B - a wand of random effects (16/48)
Scrolls
 d - 8 scrolls of identify {unknown}
 h - 3 scrolls of amnesia {unknown}
 i - 5 scrolls of teleportation {unknown}
 k - 3 scrolls of immolation {unknown}
 l - 2 scrolls of magic mapping {unknown}
 o - a scroll of brand weapon {unknown}
 t - 2 scrolls of enchant weapon {unknown}
 w - a scroll of enchant armour {unknown}
 x - 2 scrolls of recharging {unknown}
 z - a scroll of fear {unknown}
 C - a scroll of random uselessness {unknown}
 F - a scroll of silence {unknown}
Potions
 p - a potion of berserk rage {unknown}
 u - a potion of haste {unknown}
 D - a potion of curing {unknown}
Books
 b - a book of Minor Magic

   Spells                             Type                      Level
   a - Magic Dart                     Conjuration                  1
   b - Blink                          Translocation                2
   c - Call Imp                       Summoning                    2
   d - Slow                           Hexes                        2
   e - Conjure Flame                  Conjuration/Fire             3
   f - Mephitic Cloud                 Conjuration/Poison/Air       3
 m - the Almanac of the Guilds
   (You found it on level 2 of the Dungeon)

   Spells                             Type                      Level
   a - Shock                          Conjuration/Air              1
   b - Beastly Appendage              Transmutation                1
   c - Ice Form                       Ice/Transmutation            4
   d - Alistair's Intoxication        Transmutation/Poison         5
   e - Tornado                        Air                          9
 v - a book of Frost

   Spells                             Type                      Level
   a - Freeze                         Ice                          1
   b - Throw Frost                    Conjuration/Ice              2
   c - Ozocubu's Armour               Charms/Ice                   3
   d - Throw Icicle                   Conjuration/Ice              4
   e - Summon Ice Beast               Ice/Summoning                4
Comestibles
 c - 9 bread rations
 g - 2 fruits
 n - 3 meat rations


   Skills:
 + Level 5.3 Fighting
 - Level 2.0 Dodging
 - Level 2.6 Stealth
 + Level 8.2 Spellcasting
 * Level 8.4 Conjurations
   Level 1.0 Summonings
 - Level 1.0 Translocations
 - Level 3.5 Fire Magic


You had 11 spell levels left.
You knew the following spells:

 Your Spells              Type           Power        Failure   Level  Hunger
a - Magic Dart            Conj           ####         1%          1    None
b - Blink                 Tloc           N/A          11%         2    None
c - Conjure Flame         Conj/Fire      ######..     3%          3    None
d - Mephitic Cloud        Conj/Pois/Air  ####....     10%         3    None
e - Throw Icicle          Conj/Ice       #####...     17%         4    ##.....


Dungeon Overview and Level Annotations

Branches:
Dungeon (8/15)             Temple (1/1) D:6
   Lair: D:8-11

Altars:
Ashenzari
Dithmenos
Elyvilon
Ru
Sif Muna
Trog
Uskayaw
Vehumet
Wu Jian

Annotations:
D:6 1 runed door
D:8 Erica


Innate Abilities, Weirdness & Mutations

You cannot wear most types of armour.
You are very stealthy in the water. (Stealth+)
You are amphibious.
You can wear up to eight rings at the same time.
You can use your tentacles to constrict eight enemies at once.
Your skin changes colour to match your surroundings (Stealth+).
Your rubbery body absorbs attacks. (AC +1, EV +1)
One of your tentacles bears a spike.
You are partially covered in icy blue scales. (AC +2)
Your spells are a little harder to cast, but a little more powerful.


Message History

That beam is likely to hit you.
Continue anyway?
Okay, then.
The crocodile bites you!
* * * LOW HITPOINT WARNING * * *
The crocodile bites you!
* * * LOW HITPOINT WARNING * * *
Casting: Mephitic Cloud
Confirm with . or Enter, or press ? or * to list all spells.
Aiming: Mephitic Cloud
Press: ? - help, Shift-Dir - straight line The ball explodes into a vile cloud!
The stinking cloud engulfs the crocodile.
The crocodile is lightly wounded.
The crocodile completely misses you. The crocodile closely misses you.
Okay, then.
Evoke which item? (* to show all) (? for menu, Esc to quit)
Okay, then.
The crocodile bites you!
You die...

...#.....########..#
#..#.#)#...
..####.....### ##..#
#..#[..'... .##
####....###..##
##.#####..# .#
##.....#..# #.........
.# ###......# ##........
.## ###....# ##.......
..# ##...# ##...... ..##
##..### ##....## .>.#
###t@...######....##
#..##
##....#....#........##
##..#
###....####.......#....#
#..######§....##
###...####....
##..##.......## #...#
###.. #.......§.§.#
#...# ##. #..........##
##..# #. ##>.......##
#..## ##. ##.........#
#...## ##..


You could see a crocodile.

Vanquished Creatures
  Prince Ribbit (D:5)
  A spriggan (D:7)
  2 steam dragons (D:6)
  A hungry ghost (D:7)
  Menkaure (D:7)
  Edmund (D:4)
  2 eyes of draining (D:5)
  A phantom (D:6)
  A necrophage (D:8)
  2 ogres (D:5)
  A centaur (D:7)
  2 bullfrogs
  A gnoll sergeant (D:8)
  A wyvern zombie (D:7)
  3 scorpions
  2 howler monkeys
  3 crimson imps
  A quasit (D:7)
  A hound (D:4)
  4 orc priests
  4 jellies
  6 orc wizards
  A centaur skeleton (D:7)
  3 iguanas
  4 worker ants
  Natasha (twice) (D:2)
  A hound zombie (D:6)
  A hound skeleton (D:6)
  8 gnolls
  A howler monkey skeleton (D:4)
  9 adders
  2 oozes
  An adder zombie (D:7)
  6 worms
  2 dart slugs (D:2)
  6 leopard geckos
  20 orcs
  12 bats
  6 giant cockroaches
  19 goblins
  9 hobgoblins
  3 jackals (D:3)
  5 kobolds
  5 quokkas
  3 ball pythons
  13 frilled lizards
  A jackal skeleton (D:5)
  A leopard gecko skeleton (D:5)
  A leopard gecko zombie (D:6)
  A quokka zombie (D:5)
  10 rats
198 creatures vanquished.

Notes
Turn   | Place    | Note
-------+----------+-------------------------------------------
     0 | D:1      | Lexie the Octopode Wizard began the quest for the Orb.
     0 | D:1      | Reached XP level 1. HP: 11/11 MP: 4/4
   169 | D:1      | Reached XP level 2. HP: 17/17 MP: 4/6
   922 | D:1      | Reached XP level 3. HP: 21/21 MP: 0/8
  1814 | D:2      | Reached XP level 4. HP: 21/27 MP: 1/10
  1893 | D:1      | Learned a level 2 spell: Blink
  1897 | D:1      | Learned a level 3 spell: Conjure Flame
  1901 | D:1      | Learned a level 3 spell: Mephitic Cloud
  2493 | D:2      | Found a shadowy altar of Dithmenos.
  2562 | D:2      | Reached XP level 5. HP: 15/31 MP: 3/11
  2832 | D:2      | Found a white marble altar of Elyvilon.
  2972 | D:2      | Noticed Natasha
  2978 | D:2      | Killed Natasha
  3088 | D:2      | Noticed Natasha
  3107 | D:2      | Killed Natasha
  3432 | D:2      | Reached skill level 5 in Spellcasting
  3618 | D:2      | Reached XP level 6. HP: 24/36 MP: 13/13
  3829 | D:2      | Identified the Almanac of the Guilds
  3858 | D:2      | Got a transparent quick blade
  3859 | D:2      | Identified the +1 quick blade of Departure {holy, Dex+4} (You found it on level 2 of the Dungeon)
  5365 | D:4      | Reached XP level 7. HP: 22/41 MP: 4/16
  5511 | D:4      | Learned a level 4 spell: Throw Icicle
  5693 | D:4      | Reached skill level 1 in Fire Magic
  5885 | D:4      | Noticed Edmund
  6054 | D:4      | Killed Edmund
  6054 | D:4      | Reached skill level 1 in Fighting
  6128 | D:4      | Found a shattered altar of Ashenzari.
  6324 | D:5      | Entered Level 5 of the Dungeon
  6462 | D:5      | Found a bloodstained altar of Trog.
  6874 | D:5      | Reached XP level 8. HP: 50/50 MP: 5/18
  6930 | D:4      | Gained mutation: You are frail. (-10% HP) [potion of mutation]
  6930 | D:4      | Gained mutation: Your muscles are strong. (Str +2) [potion of mutation]
  6978 | D:4      | Lost mutation: Your muscles are strong. (Str +2) [potion of mutation]
  6978 | D:4      | Lost mutation: You are frail. (-10% HP) [potion of mutation]
  6978 | D:4      | Gained mutation: One of your tentacles bears a spike. [potion of mutation]
  6978 | D:4      | Gained mutation: Your spells are a little harder to cast, but a little more powerful. [potion of mutation]
  6978 | D:4      | Gained mutation: You are partially covered in icy blue scales. (AC +2) [potion of mutation]
  7413 | D:5      | Reached skill level 5 in Conjurations
  7834 | D:5      | Found an ornate altar of the Wu Jian Council.
  7998 | D:5      | Noticed Prince Ribbit
  8005 | D:5      | Killed Prince Ribbit
  8225 | D:6      | Found a staircase to the Ecumenical Temple.
  8261 | Temple   | Entered the Ecumenical Temple
  8266 | Temple   | Became a worshipper of Vehumet
  8379 | D:6      | Reached XP level 9. HP: 58/58 MP: 17/20
  8688 | D:6      | Found a deep blue altar of Sif Muna.
  8981 | D:6      | Found a runed door.
  9116 | D:6      | Found a shadowy altar of Dithmenos.
  9693 | D:7      | Noticed Menkaure
  9699 | D:7      | Killed Menkaure
  9925 | D:7      | Reached skill level 5 in Fighting
 10598 | D:7      | Reached * piety under Vehumet
 10598 | D:7      | Offered knowledge of Flame Tongue by Vehumet.
 11046 | D:8      | Noticed Erica
 11072 | D:7      | Slain by a crocodile

Vault maps used:
D:1:      dpeg_arrival_refuge
D:2:      cheibrodos_pilgrimage, gammafunk_temple_overflow_arena, uniq_natasha
D:3:      first_bread
D:4:      kennysheep_mini_moat, uniq_edmund
D:5:      lemuel_doored_altar, trog_eyes_of_draining, uniq_prince_ribbit1
D:6:      cheibrodos_steamvent, nicolae_overflow_crystal_walls,
          minmay_temple_entry_mist, grunt_dithmenos_smoke,
          uniq_crazy_yiuf_cottage
D:7:      the_bakery, uniq_menkaure
D:8:      minmay_imperfect_grid, lair_entry_dummy, nemelex_diamond_rough_becter,
          uniq_erica, uniq_joseph
Temple:   nicolae_temple_elliptical

Skill      XL: |  1  2  3  4  5  6  7  8  9 |
---------------+----------------------------+-----
Conjurations   | 2 3 4 6 8 |  8.4
Spellcasting   | 4 5 6 7 8 |  8.2
Fire Magic     | 3 |  3.5
Fighting       | 1 3 5 |  5.3
Dodging        | |  2.0
Stealth        | |  2.6
Summonings     | |  1.0
Translocations | |  1.0

Action                   |  1- 3 |  4- 6 |  7- 9 || total
-------------------------+-------+-------+-------++-------
Melee: Unarmed           |     6 |       |       ||     6
       Tentacles         |     3 |     7 |    32 ||    42
       Dagger            |    19 |    25 |       ||    44
       Constrict         |     7 |    16 |    27 ||    50
       Quick blade       |       |    30 |   147 ||   177
       Kick              |       |       |    28 ||    28
 Cast: Magic Dart        |    80 |   166 |   331 ||   577
       Mephitic Cloud    |       |     6 |    20 ||    26
       Conjure Flame     |       |     2 |     3 ||     5
       Blink             |       |       |     2 ||     2
       Throw Icicle      |       |       |     2 ||     2
  Use: Potion            |       |       |     5 ||     5
 Stab: Sleeping          |     1 |     2 |     4 ||     7
       Confused          |       |     1 |    12 ||    13
  Eat: Chunk             |     2 |    12 |    17 ||    31
       Royal jelly       |       |       |     1 ||     1
Armor: Skin              |     4 |     7 |    14 ||    25
Dodge: Dodged            |    21 |    39 |    76 ||   136
